 Dungeon Crawl Stone Soup version 0.13.0-67-g7ee5eca (webtiles) character file.

2581 Piginabag the Nimble (level 9, -14/73 HPs)
             Began as a Minotaur Monk on Nov 27, 2013.
             Was a Priest of the Shining One.
             Demolished by an elephant slug (28 damage)
             ... on Level 8 of the Dungeon.
             The game lasted 00:31:01 (7531 turns).

Piginabag the Nimble (Minotaur Monk)                Turns: 7531, Time: 00:31:01

HP -14/73        AC  2     Str 19      XL: 9   Next: 23%
MP   2/4         EV 17     Int  7      God: the Shining One [***...]
Gold 177         SH 14     Dex 13      Spells:  0 memorised,  8 levels left

Res.Fire  : . . .   See Invis. : .     - Unarmed
Res.Cold  : . . .   Warding    : .   a - +0 robe
Life Prot.: + + .   Conserve   : .   (no shield)
Res.Poison: .       Res.Corr.  : .   (helmet restricted)
Res.Elec. : .       Clarity    : .   (no cloak)
Sust.Abil.: . .     Spirit.Shd : .   (no gloves)
Res.Mut.  : .       Stasis     : .   (no boots)
Res.Rott. : .       Flight     : .   d - amulet of rage
Saprovore : . . .                    n - ring of positive energy
                                     g - ring of protection from magic

@: glowing, quite resistant to hostile enchantments, very unstealthy
A: retaliatory headbutt, horns 2
a: Divine Shield, Renounce Religion, Evoke Berserk Rage


You were on level 8 of the Dungeon.
You worshipped the Shining One. the Shining One was most pleased with you.
You were not hungry.

You visited 1 branch of the dungeon, and saw 8 of its levels.

You collected 177 gold pieces.

Inventory:

Hand weapons
 m - a +3,+0 elven long sword
 r - a cursed +0,+0 great sword
Armour
 a - a +0 robe (worn)
Magical devices
 c - a wand of enslavement (16)
 p - a wand of paralysis (13) {unknown}
 s - a wand of magic darts (10) {unknown}
 A - a wand of polymorph (5) {unknown}
Comestibles
 v - 4 bread rations
Scrolls
 b - a scroll of magic mapping
 e - 3 scrolls of identify
 k - a scroll of enchant armour {unknown}
 w - a scroll of teleportation {unknown}
 y - 2 scrolls of noise {unknown}
 z - a scroll of amnesia
 D - a scroll of immolation {unknown}
Jewellery
 d - an amulet of rage (around neck)
 f - an uncursed amulet of resist mutation
 g - a ring of protection from magic (left hand)
 h - a +2 ring of dexterity
 n - a ring of positive energy (right hand)
 t - a +4 ring of strength {unknown}
Potions
 j - a potion of speed {unknown}
 q - 3 potions of curing
 C - 2 potions of resistance {unknown}


   Skills:
 + Level 7.0 Fighting
 + Level 9.8 Dodging
 + Level 2.5 Stealth
 + Level 0.2 Shields
 + Level 8.8 Unarmed Combat
 + Level 1.1 Invocations
 + Level 1.1 Evocations


You had 8 spell levels left.
You didn't know any spells.

Dungeon Overview and Level Annotations

Branches:
Dungeon (8/27)             Temple (0/1) D:4            Lair (0/8) D:8
    Orc: D:6-11

Altars:
Elyvilon
Yredelemnul
the Shining One


Innate Abilities, Weirdness & Mutations

You reflexively headbutt those who attack you in melee.
You have a pair of horns on your head.


Message History

You open the door.
You start resting.
Found a staircase to the Lair.
There is an open door here.
Use which ability? (? or * to list)
A divine shield forms around you!
You feel slightly more hungry.
There is an open door here.
You block the elephant slug's attack.
You punch the elephant slug! You headbutt the elephant slug!
The elephant slug is heavily wounded.
You punch the elephant slug!
You headbutt the elephant slug, but do no damage.
You punch the elephant slug.
The elephant slug is severely wounded.
You punch the elephant slug!
The elephant slug is severely wounded.
You hit the elephant slug.
The elephant slug is almost dead.
The elephant slug bites you!
You die...

# # . . .###. ##+## ...
##...## #.# ##.....## ##.##
# ##.......####...##
##...####.........##..#..##
........'...@j...?'..###j.#
###.....####...<..##..#..##
....... #.....####....#
.f..... ..#....########.#
....... f..........# #.#
...>.........####.# #.#
.........#..# #.# #.# ....
..##..####.####.# . .
###..##...j....#


You could see an elephant slug.

Vanquished Creatures
  A yak (D:8)
  Menkaure (D:6)
  An ice beast (D:6)
  An orc warrior (D:6)
  5 ogres
  A crocodile (D:8)
  4 centaurs
  Sigmund (D:3)
  2 giant frogs
  A jelly (D:6)
  The ghost of letownia the Chopper, a weakling MiWr (D:4)
  3 crimson imps
  3 orc priests
  4 hounds
  3 scorpions
  4 orc wizards
  2 worker ants
  A sheep (D:8)
  Ijyb (D:2)
  An ogre skeleton (D:6)
  Terence (D:3)
  3 gnolls (D:3)
  5 adders
  A giant mite (D:6)
  A worm (D:3)
  2 giant geckos
  22 orcs
  5 giant cockroaches
  12 goblins
  17 hobgoblins
  12 jackals
  4 quokkas
  2 ball pythons
  7 bats
  8 giant newts
  A goblin skeleton (D:5)
  A goblin zombie (D:5)
  16 kobolds
  10 rats
  A bush (D:2)
  2 plants (D:2)
174 creatures vanquished.

Notes
Turn   | Place    | Note
--------------------------------------------------------------
     0 | D:1      | Piginabag, the Minotaur Monk, began the quest for the Orb.
     0 | D:1      | Reached XP level 1. HP: 17/17 MP: 0/0
    98 | D:1      | Reached XP level 2. HP: 19/24 MP: 0/0
   780 | D:2      | Noticed Ijyb
   795 | D:2      | Killed Ijyb
   795 | D:2      | Reached skill level 5 in Unarmed Combat
   795 | D:2      | Reached XP level 3. HP: 22/30 MP: 1/1
   797 | D:2      | Found a basalt altar of Yredelemnul.
   874 | D:2      | Found a glowing golden altar of the Shining One.
   892 | D:2      | Became a worshipper of the Shining One
   892 | D:2      | Acquired the Shining One's first power
   892 | D:2      | Acquired the Shining One's second power
  1355 | D:2      | Reached XP level 4. HP: 34/37 MP: 1/1
  2098 | D:3      | Noticed Terence
  2099 | D:3      | Found a white marble altar of Elyvilon.
  2241 | D:3      | Killed Terence
  2760 | D:3      | Reached XP level 5. HP: 27/44 MP: 1/1
  2813 | D:3      | Reached skill level 5 in Dodging
  3375 | D:3      | Noticed Sigmund
  3622 | D:3      | Reached skill level 6 in Unarmed Combat
  3623 | D:3      | Paralysed by a potion of paralysis for 7 turns
  3935 | D:3      | Killed Sigmund
  3935 | D:3      | Reached XP level 6. HP: 51/51 MP: 2/2
  3989 | D:4      | Noticed an ogre
  4098 | D:4      | Noticed an ogre
  4108 | D:4      | Noticed letownia's ghost (weakling MiWr)
  4108 | D:4      | Killed an ogre
  4117 | D:4      | Killed letownia's ghost
  4596 | D:4      | Killed an ogre
  4596 | D:4      | Reached XP level 7. HP: 25/58 MP: 2/2
  4767 | D:4      | Found a staircase to the Ecumenical Temple.
  5204 | D:5      | Entered Level 5 of the Dungeon
  5542 | D:5      | Reached skill level 7 in Dodging
  5550 | D:5      | Reached skill level 1 in Evocations
  6117 | D:5      | Reached skill level 5 in Fighting
  6121 | D:5      | Reached XP level 8. HP: 62/66 MP: 3/3
  6200 | D:5      | Reached skill level 8 in Dodging
  6591 | D:6      | Noticed Menkaure
  6598 | D:6      | Killed Menkaure
  6897 | D:6      | Reached skill level 9 in Dodging
  7295 | D:6      | Reached XP level 9. HP: 57/73 MP: 4/4
  7421 | D:8      | Reached skill level 1 in Invocations
  7451 | D:8      | Noticed an elephant
  7516 | D:8      | Found a staircase to the Lair.
  7531 | D:8      | Demolished by an elephant slug

Action                   |  1- 3 |  4- 6 |  7- 9 || total
-------------------------+-------+-------+-------++-------
Melee: Unarmed           |   133 |   267 |   221 ||   621
Invok: Divine Shield     |       |       |     3 ||     3
 Abil: Evoke Berserk Rag |       |     2 |     3 ||     5
  Use: Scroll            |     2 |    10 |     1 ||    13
       Potion            |       |     3 |     5 ||     8
